 Dungeon Crawl Stone Soup version 0.26-a0-952-g76694b35de (webtiles) character file.

Game seed: 7795483209645327923

40 runemasterragnar the Skirmisher (level 3, -1/39 HPs)
             Began as an Octopode Fighter on Nov 30, 2020.
             Slain by a leopard gecko (3 damage)
             ... on level 2 of the Dungeon.
             The game lasted 00:01:17 (963 turns).

runemasterragnar the Skirmisher (Octopode Fighter)   Turns: 963, Time: 00:01:18

Health: -1/39      AC: 21    Str: 15    XL:     3   Next: 50%
Magic:  3/3        EV:  2    Int: 11    God:
Gold:   67         SH:  8    Dex: 11    Spells: 2/2 levels left

rFire    . . .     SeeInvis .   a - +0 long sword
rCold    . . .     Faith    .   b - +0 kite shield
rNeg     + + +     Spirit   .   (helmet currently unavailable)
rPois    +         Reflect  .   (no amulet)
rElec    .         Harm     .   (no ring)
rCorr    .         Rampage  .   (no ring)
MR       .....     NoTele   +   (no ring)
Stlth    ++........             (no ring)
HPRegen  0.13/turn              (no ring)
MPRegen  0.08/turn              (no ring)
                                (no ring)
                                (no ring)

@: mighty, tree-form
A: almost no armour, stealthy swim, (amphibious), 8 rings, (constrict 8)
a: no special abilities


You were on level 2 of the Dungeon.
You were a tree.
You visited 1 branch of the dungeon, and saw 2 of its levels.

You collected 67 gold pieces.

Inventory:

Hand Weapons
 a - a +0 long sword (weapon)
Missiles
 i - 16 poisoned darts (quivered)
Armour
 b - a +0 kite shield (worn)
Scrolls
 d - 2 scrolls of enchant armour {unknown}
 e - 3 scrolls of remove curse {unknown}
 g - a scroll of amnesia {unknown}
 h - 5 scrolls of identify {unknown}
 l - a scroll of fog {unknown}
 m - a scroll of noise {unknown}
 n - a scroll of enchant weapon {unknown}
Potions
 f - 2 potions of magic


   Skills:
 + Level 3.1 Fighting
 + Level 0.6(1.7) Short Blades
 * Level 2.6 Long Blades
 + Level 0.4 Throwing
 + Level 3.1 Dodging
 + Level 1.3 Stealth
 + Level 3.1 Shields
 + Level 0.6 Unarmed Combat


You had 2 spell levels left.
You didn't know any spells.
Your spell library was empty.

Dungeon Overview and Level Annotations

Branches:
Dungeon (2/15)

Altars:
Makhleb

Annotations:
D:2 Sigmund


Innate Abilities, Weirdness & Mutations

You cannot wear most types of armour.
You are very stealthy in the water. (Stealth+)
((You are amphibious.))
You can wear up to eight rings at the same time.
((You can use your tentacles to constrict eight enemies at once.))
((Your skin changes colour to match your surroundings (Stealth+).))
((Your rubbery body absorbs attacks. (AC +1, EV +1)))


Message History

A quokka comes into view.
Something hits you but does no damage.
You barely miss something. Something hits you but does no damage.
The leopard gecko bites you but does no damage.
You slash something! Something hits you but does no damage.
The leopard gecko bites you but does no damage.
You hit something.
The leopard gecko bites you but does no damage.
Something hits you but does no damage.
The leopard gecko bites you but does no damage.
You barely miss something.
The leopard gecko bites you but does no damage.
Something hits you.
* * * LOW HITPOINT WARNING * * *
The quokka bites you but does no damage.
You slash something!
The leopard gecko bites you but does no damage.
The quokka bites you but does no damage.
The leopard gecko bites you.
You die...

......# ..... #.##.#
......#########....# ...
................#####...
......##................
......##........?.......
########)...............
#................
#........†r......
#...##...♣l......
######....{......
#..........#
#.)........#
#..........#
##.......#.. #.......# #
#.......#


You could see a leopard gecko and a quokka.

Vanquished Creatures
  2 dart slugs
  2 leopard geckos (D:1)
  A ball python (D:1)
  2 bats
  3 giant cockroaches
  3 goblins (D:1)
  4 hobgoblins
  5 kobolds
  A quokka (D:2)
  8 frilled lizards
  3 rats (D:1)
34 creatures vanquished.

Notes
Turn   | Place    | Note
-------+----------+-------------------------------------------
     0 | D:1      | runemasterragnar the Octopode Fighter began the quest for
                  | the Orb.
     0 | D:1      | Reached XP level 1. HP: 16/16 MP: 1/1
   186 | D:1      | Reached XP level 2. HP: 20/21 MP: 2/2
   494 | D:1      | Reached skill level 1 in Stealth
   701 | D:1      | Reached XP level 3. HP: 26/26 MP: 3/3
   858 | D:2      | Found a burning altar of Makhleb.
   944 | D:2      | Noticed Sigmund
   963 | D:2      | Slain by a leopard gecko

Illustrated notes

Levels and vault maps discovered:
D:1:      minmay_arrival_four_houses, layout_loops_ring
D:2:      layout_basic, lemuel_doored_altar, lemuel_tele_altar, uniq_sigmund

Skill      XL: |  1  2 |
---------------+-------+-----
Stealth        | 1 |  1.3
Fighting       | |  3.1
Short Blades   | |  0.6
Long Blades    | |  2.6
Throwing       | |  0.4
Dodging        | |  3.1
Shields        | |  3.1
Unarmed Combat | |  0.6

Action                   || total
-------------------------++-------
Melee: Long sword        ||    62
       Constrict         ||    22
       Tentacles         ||     6
  Use: Potion            ||     4
 Stab: Sleeping          ||     7
Armor: Skin              ||    16
Dodge: Dodged            ||    24
Block: Kite shield       ||    21
       Rpst.: Long sword ||     9

Table legend: (Time is in decaauts)
 A = Elapsed time spent in this place.
 B = Non-inter-level travel time spent in this place.
 C = Inter-level travel time spent in this place.
 D = Time resting spent in this place.
 E = Time spent auto-exploring this place.
 F = Levels seen in this place.
 G = Mean time per level.
                   A        B        C        D        E       F      G
               +--------+--------+--------+--------+--------+-----+--------+
         Total |    985 |    968 |     17 |      0 |    733 |   2 |  492.5 |
       Dungeon |    985 |    968 |     17 |      0 |    733 |   2 |  492.5 |
               +--------+--------+--------+--------+--------+-----+--------+

Top non-repeatable levels by time:
     D:1: 812 daAuts
     D:2: 172 daAuts
